 Dungeon Crawl Stone Soup version 0.31-a0-1178-gc5c9b8f871 (console) character file.

Game seed: 3254129073654704248

13 petzl the Sneak (level 2, -1/24 HPs)
             Began as a Formicid Delver on Dec 11, 2023.
             Succumbed to a water moccasin's poison
             ... on level 6 of the Dungeon on Dec 18, 2023.
             The game lasted 00:03:13 (539 turns).

petzl the Sneak (Formicid Delver)                    Turns: 539, Time: 00:03:14

Health: -1/24      AC:  3    Str: 16    XL:     2   Next: 50%
Magic:  5/5        EV: 12    Int:  9    God:
Gold:   31         SH:  5    Dex: 15    Spells: 5/5 levels left

rFire   . . .        b - +0 sling
rCold   . . .        (no shield)
rNeg    . . .        h - +0 leather armour
rPois   .            (helmet unavailable)
rElec   .            (no cloak)
rCorr   .            (no gloves)
SInv    +            (no boots)
Will    .....        i - amulet of reflection
Stlth   +++          (no ring)
HPRegen 0.24/turn    (no ring)
MPRegen 0.09/turn

%: reflection
@: lethally poisoned (-1 -> -8)
A: permanent stasis, dig shafts and tunnels, antennae 3, four strong arms
a: Dig, Shaft Self


You were on level 6 of the Dungeon.
You visited 1 branch of the dungeon, and saw 3 of its levels.

You collected 31 gold pieces.

Inventory:

Hand Weapons
 a - a +0 mace
 b - a +0 sling (weapon)
Armour
 h - a +0 leather armour (worn)
Jewellery
 i - an amulet of reflection (around neck)
Wands
 f - a wand of digging (3)
Scrolls
 c - a scroll of fog
 d - a scroll of revelation
 e - 3 scrolls of fear
 g - a scroll of identify


   Skills:
 + Level 3.2 Fighting
 - Level 2.0 Maces & Flails
 * Level 0.0 Ranged Weapons
 - Level 1.7 Dodging
 - Level 6.0 Stealth
 + Level 2.0 Spellcasting


You had 5 spell levels left.
You didn't know any spells.
Your spell library was empty.

Dungeon Overview and Level Annotations

Branches:
Dungeon (6/15)
 Temple: D:4-7

Altars:

Annotations:
D:5 exclusion: 5 sensed monsters (detected)


Innate Abilities, Weirdness & Mutations

You cannot be hasted, slowed, berserked, paralysed or teleported.
You can dig through walls and to a lower floor.
You have a pair of large antennae on your head. (SInv)
Your four strong arms can wield two-handed weapons with a shield.


Message History

The water moccasin closely misses you.
Are you sure you want to shaft yourself?
Okay, then.
Are you sure you want to shaft yourself?
The water moccasin bites you! The water moccasin bites you.
You are lethally poisoned!
The water moccasin poisons you!
You begin to dig a shaft.
You continue digging a shaft.
* * * LOW HITPOINT WARNING * * *
You feel very sick. You block the water moccasin's attack.
A shaft appears beneath you!
You fall into a shaft and drop 1 floor!
The shaft crumbles and collapses.
* * * LOW HITPOINT WARNING * * *
You feel sick.
Found a gold wand and a bubbling emerald potion.
You aren't carrying any potions.
Unknown command.
Unknown command.
Unknown command.
Unknown command.
Unknown command.
Unknown command.
Unknown command.
Unknown command.
You aren't carrying any potions.
As you read the scroll labelled ISTRIL QUOSCHAIT, it crumbles to dust.
It is a scroll of identify.
You don't currently have any unidentified items.
* * * LOW HITPOINT WARNING * * *
You feel sick.
Okay, then.
Unknown command.
Unknown command.
You aren't carrying any potions.
Unknown command.
Unknown command.
Unknown command.
You die...

... ..... ..#
..... ##
#.##.... . #..
###.#.... ..
#... .#....# ...
. ...#....##....
........##
....#...........
##........
#...@........
#........#
#.####.#.....
#..##....####
#........
#..##..#.....
.........
#..#...#....# .
.....#....
#.##....# ...
##..... ..#
#<.....###....
#.!#... ..
#.........##..
#....... .
....#.........#
..###...#
....#...#.....#
#.......# ...##
##.###.## ....
### ### .## #


There were no monsters in sight!

Vanquished Creatures
  An adder (D:5)
  A worm (D:4)
2 creatures vanquished.

Notes
Turn   | Place    | Note
-------+----------+-------------------------------------------
     0 | D:5      | petzl the Formicid Delver began the quest for the Orb.
     0 | D:5      | Reached XP level 1. HP: 18/18 MP: 1/1
   267 | D:5      | Noticed a hound
   411 | D:5      | Reached skill level 1 in Spellcasting
   411 | D:5      | Reached XP level 2. HP: 14/24 MP: 1/4
   524 | D:4      | Noticed a water moccasin
   537 | D:5      | You fall into a shaft and drop 1 floor!
   538 | D:6      | HP: 1/24 [poisoned by a water moccasin]
   539 | D:6      | Succumbed to a water moccasin's poison

Illustrated notes

Levels and vault maps discovered:
D:4:      layout_gridville, minmay_temple_entry_ruins, grunt_ministairs_6,
          uniq_robin
D:5:      layout_loops_cross
D:6:      layout_cave_pools, xom_confusion_cloud,
          yredelemnul_forgotten_temple_becter, nicolae_elemental_shop,
          hangedman_abyss_or_decor_slice

Skill      XL: |  1  2 |
---------------+-------+-----
Spellcasting   | 1 2 |  2.0
Fighting       | |  3.2
Maces & Flails | |  2.0
Dodging        | |  1.7
Stealth        | |  6.0

Action                     || total
---------------------------++-------
  Melee: Mace              ||    17
   Fire: Sling             ||     3
Ability: Shaft Self        ||     1
    Use: Scroll            ||     1
 Armour: Leather armour    ||     9
  Dodge: Dodged            ||    16
  Block: Other             ||     2

Table legend: (Time is in decaauts)
 A = Elapsed time spent in this place.
 B = Non-inter-level travel time spent in this place.
 C = Inter-level travel time spent in this place.
 D = Time resting spent in this place.
 E = Time spent auto-exploring this place.
 F = Levels seen in this place.
 G = Mean time per level.
                   A        B        C        D        E       F      G
               +--------+--------+--------+--------+--------+-----+--------+
         Total |    546 |    491 |     55 |     39 |    287 |   3 |  182.0 |
       Dungeon |    546 |    491 |     55 |     39 |    287 |   3 |  182.0 |
               +--------+--------+--------+--------+--------+-----+--------+

Top non-repeatable levels by time:
     D:5: 458 daAuts
     D:4: 69 daAuts
     D:6: 18 daAuts
